Map: 벨시르 잔재 (공허)

Players

aLive - Winner!

  • Race: Terran Terran
  • League: Master
  • Spawn Location: 11:00

Stats

  • Race: Protoss Protoss
  • League: Master
  • Spawn Location: 5:00

Event: IEM XI Katowice - World Championship 2017

VOD

Have the link to the VOD?

Description

Time

  • Played on: March 2, 2017, 5:25 a.m.
  • Length: 11:11

All games in this series

Show
View Real Time Build Order
Export as new Build Order

aLive Terran - Winner!

Build Orders: Cyclone Opening, Reaper Expand, MMM Bio 

Get SALT Encoding   

  12  0:00  SCV  
  13  0:12  SCV  
  14  0:17  Supply Depot  
  14  0:25  SCV  
  14  0:28  Refinery  
  15  0:38  SCV  
  16  0:43  Barracks  
  16  0:51  SCV  
  17  1:03  SCV  
  18  1:15  SCV  
  19  1:30  Reaper, Orbital Command  
  20  1:45  Command Center  
  20  1:53  Factory  
  20  1:55  SCV  
  21  2:03  Refinery  
  21  2:05  Barracks Reactor  
  21  2:07  SCV  
  22  2:13  Supply Depot  
  22  2:20  SCV  
  23  2:34  SCV  
  24  2:38  Starport  
  24  2:41  Marine  
  24  2:42  Marine  
  28  2:46  SCV  
  29  2:54  Cyclone  
  30  2:58  SCV  
  30  3:01  Marine x2  
  32  3:07  Orbital Command  
  32  3:11  Supply Depot  
  32  3:16  Medivac  
  32  3:18  SCV  
  35  3:30  Supply Depot, SCV  
  35  3:31  Liberator  
  35  3:33  Barracks Reactor  
  36  3:35  SCV  
  37  3:52  SCV  
  37  3:53  SCV  
  42  4:05  Barracks  
  42  4:06  Barracks  
  42  4:08  SCV x2  
  44  4:11  Marine x2  
  44  4:12  Supply Depot, Factory Tech Lab  
  46  4:20  SCV x2  
  48  4:26  Engineering Bay  
  48  4:29  Marine x2  
  50  4:32  SCV x2  
  52  4:39  Starport Reactor  
  52  4:44  SCV x2  
  54  4:46  Factory Reactor  
  54  4:48  Marine  
  54  4:49  Marine, Supply Depot  
  54  4:52  Terran Infantry Weapons Level 1  
  56  4:56  Barracks Tech Lab, SCV x2  
  56  4:57  Supply Depot  
  57  5:00  Refinery  
  57  5:01  Refinery  
  57  5:05  Marine  
  57  5:06  Marine x2, Stimpack  
  60  5:08  SCV  
  60  5:09  SCV  
  60  5:11  Supply Depot  
  62  5:16  Marine  
  62  5:20  SCV  
  62  5:21  SCV  
  62  5:24  Widow Mine x2  
  66  5:31  Marine x3  
  66  5:32  Combat Shields  
  66  5:33  SCV x2  
  66  5:34  Marine  
  72  5:38  Supply Depot  
  72  5:43  Medivac x2  
  76  5:52  Command Center  
  76  5:54  Widow Mine x2  
  80  5:59  SCV x2  
  80  6:01  Supply Depot  
  82  6:08  Barracks  
  82  6:09  Barracks  
  82  6:11  Marine  
  82  6:12  Marine x3  
  86  6:21  Supply Depot, SCV x2  
  86  6:24  Supply Depot  
  88  6:27  Medivac x2  
  92  6:34  Marine x3  
  92  6:37  Marine  
  93  6:45  Widow Mine  
  93  6:46  Terran Infantry Armor Level 1, Widow Mine  
  93  6:53  Marine x3  
  96  6:57  Barracks Tech Lab, Barracks Reactor  
  96  7:00  Marine  
  97  7:08  Orbital Command  
  97  7:09  SCV x2  
  97  7:12  Marauder, Medivac x2  
  97  7:14  Widow Mine x2  
  105  7:18  Marine x2  
  105  7:19  Marauder  
  105  7:23  Concussive Shells, Marauder  
  107  7:36  Marine x2  
  111  7:37  Marauder  
  111  7:40  Marauder  
  111  7:43  Widow Mine x2  
  115  7:44  Marauder  
  115  7:49  Marine x2  
  117  7:56  Medivac x2  
  117  7:57  SCV x2  
  117  7:58  Marauder, SCV  
  115  8:01  Marauder  
  117  8:06  Marauder  
  117  8:09  Liberator x2, Marine x3  
  117  8:10  Marine  
  116  8:16  Missile Turret  
  116  8:19  Widow Mine x2  
  118  8:20  Marauder  
  118  8:23  Marauder  
  130  8:27  Marine x3, Marauder  
  130  8:33  Marine  
  116  8:41  Marauder  
  116  8:44  Marauder  
  116  8:47  Marine x3  
  111  8:49  Marauder  
  111  8:51  Marine, Widow Mine x2  
  110  9:05  Marine  
  110  9:06  Marine x3  
  110  9:08  Marauder  
  116  9:21  Medivac x2  
  116  9:22  Marine  
  121  9:25  SCV x2  
  123  9:38  Orbital Command  
  121  9:40  Marine x3  
  121  9:42  Marauder x3  
  127  9:54  SCV x2  
  127  9:58  Marine  
  128  10:05  Widow Mine x2  
  133  10:14  Marine  
  133  10:17  Supply Depot x2  
  133  10:18  Supply Depot  
  131  10:38  Marine x4  
  131  10:39  Marauder x3  
  131  10:40  Medivac x2  
Show
View Real Time Build Order
Export as new Build Order

Stats Protoss 

Build Orders: 1 Gate Expand, Oracle Opening 

Get SALT Encoding   

  12  0:00  Probe (Chrono Boost)  
  13  0:11  Probe (Chrono Boost)  
  14  0:17  Pylon  
  14  0:22  Probe (Chrono Boost)  
  15  0:35  Gateway, Probe (Chrono Boost)  
  16  0:41  Assimilator  
  16  0:45  Probe (Chrono Boost)  
  17  0:50  Assimilator  
  17  0:56  Probe (Chrono Boost)  
  18  1:06  Probe (Chrono Boost)  
  19  1:17  Probe (Chrono Boost)  
  20  1:22  Nexus  
  20  1:32  Cybernetics Core  
  20  1:35  Probe (Chrono Boost)  
  21  1:40  Assimilator  
  21  1:46  Probe (Chrono Boost)  
  22  1:50  Pylon  
  22  1:57  Probe (Chrono Boost)  
  23  2:08  Adept  
  23  2:09  Mothership Core (Chrono Boost)  
  27  2:17  Warp Gate  
  27  2:27  Probe (Chrono Boost)  
  28  2:34  Probe (Chrono Boost)  
  29  2:38  Probe (Chrono Boost)  
  30  2:44  Probe (Chrono Boost)  
  30  2:47  Stargate  
  30  2:48  Pylon, Probe (Chrono Boost)  
  30  2:50  Pylon  
  32  2:55  Probe (Chrono Boost)  
  33  2:59  Probe (Chrono Boost)  
  35  3:05  Probe (Chrono Boost)  
  35  3:09  Probe (Chrono Boost)  
  36  3:16  Probe (Chrono Boost)  
  38  3:20  Probe (Chrono Boost)  
  38  3:27  Probe (Chrono Boost)  
  39  3:28  Nexus  
  39  3:29  Oracle  
  39  3:31  Probe (Chrono Boost)  
  40  3:40  Probe (Chrono Boost)  
  44  3:42  Pylon  
  44  3:44  Probe (Chrono Boost)  
  45  3:50  Probe (Chrono Boost)  
  45  3:51  Pylon  
  47  3:56  Probe (Chrono Boost)  
  47  4:01  Probe (Chrono Boost)  
  47  4:02  Phoenix  
  48  4:06  Gateway x2  
  48  4:12  Assimilator, Mothership Core (Chrono Boost)  
  48  4:14  Assimilator  
  50  4:20  Probe (Chrono Boost)  
  51  4:24  Phoenix  
  53  4:35  Pylon, Probe (Chrono Boost)  
  53  4:36  Probe (Chrono Boost)  
  55  4:41  Probe (Chrono Boost)  
  56  4:46  Phoenix  
  61  4:53  Probe x2 (Chrono Boost)  
  61  4:54  Probe (Chrono Boost)  
  61  5:02  Pylon  
  61  5:03  Probe x2 (Chrono Boost)  
  61  5:04  Twilight Council  
  61  5:06  Probe (Chrono Boost), Forge  
  64  5:07  Phoenix  
  67  5:14  Probe x2 (Chrono Boost)  
  67  5:18  Probe (Chrono Boost)  
  69  5:22  Adept x3  
  69  5:26  Protoss Ground Weapons Level 1  
  75  5:28  Probe (Chrono Boost)  
  75  5:29  Resonating Glaives, Probe (Chrono Boost)  
  75  5:30  Probe (Chrono Boost)  
  75  5:31  Pylon  
  75  5:32  Phoenix  
  78  5:38  Gateway  
  78  5:41  Gateway  
  78  5:42  Gateway  
  80  5:54  Gateway x2  
  80  5:55  Phoenix  
  80  6:03  Probe x3 (Chrono Boost)  
  85  6:04  Robotics Facility  
  85  6:07  Adept x3  
  85  6:10  Pylon  
  91  6:13  Pylon  
  91  6:17  Phoenix  
  91  6:22  Probe (Chrono Boost)  
  94  6:27  Pylon  
  94  6:30  Adept x3  
  100  6:45  Adept x3  
  100  6:46  Assimilator x2, Phoenix, Warp Prism  
  110  6:56  Adept x2  
  112  7:05  Protoss Ground Armor Level 1  
  112  7:06  Adept x5  
  121  7:25  Pylon  
  121  7:26  Pylon, Observer  
  121  7:27  Pylon  
  121  7:28  Probe x3 (Chrono Boost)  
  121  7:29  Pylon  
  125  7:48  Adept x8  
  138  7:59  Probe x3 (Chrono Boost)  
  129  8:10  Adept  
  129  8:11  Adept x3, Probe x3 (Chrono Boost)  
  135  8:23  Probe x3 (Chrono Boost)  
  137  8:35  Probe x3 (Chrono Boost)  
  115  8:47  Immortal  
  86  8:50  Sentry x2  
  86  8:51  Adept x5, Sentry  
  96  8:58  Phoenix  
  92  9:09  Probe x3 (Chrono Boost)  
  95  9:14  Adept  
  95  9:15  Adept x3  
  103  9:20  Adept x2, Phoenix  
  103  9:21  Sentry x2, Probe x3 (Chrono Boost)  
  103  9:24  Immortal  
  120  9:38  Adept x3  
  124  9:41  Adept  
  128  9:52  Phoenix  
  123  10:00  Observer  
  122  10:17  Phoenix, Adept  
  122  10:20  Pylon  
  122  10:21  Pylon x2  
  120  10:42  Observer  
  89  11:02  Adept x2  
  89  11:03  Adept x4  

Tags
 
Add a new tag
Caveats
  • Supply blocks, unpowered buildings, or Contaminate may cause inaccurate times.
  • Supply counts are checked every 10 seconds.